 Dungeon Crawl Stone Soup version 0.22.1-2-g9c5b331 (webtiles) character file.

35 MalarOregon the Stinger (level 3, -1/26 HPs)
             Began as a Merfolk Venom Mage on Nov 23, 2018.
             Slain by a goblin
             ... wielding a +0 club
              (3 damage)
             ... on level 2 of the Dungeon.
             The game lasted 00:02:18 (880 turns).

MalarOregon the Stinger (Merfolk Venom Mage)         Turns: 880, Time: 00:02:19

Health: -1/26      AC:  2    Str:  5    XL:     3   Next: 33%
Magic:  4/6        EV: 13    Int: 15    God:
Gold:   33         SH:  0    Dex: 14    Spells: 5/6 levels left

rFire    . . .     SeeInvis .   d - +0 dagger
rCold    . . .     Gourm    .   (no shield)
rNeg     . . .     Faith    .   a - +0 robe
rPois    .         Spirit   .   (no helmet)
rElec    .         Reflect  .   (no cloak)
rCorr    .         Harm     .   (no gloves)
MR       .....                  (no boots)
Stlth    ++........             (no amulet)
HPRegen  0.08/turn              b - -3 ring of strength (curse)
MPRegen  0.10/turn              (no ring)

@: no status effects
A: change form in water, swift swim, stealthy swim
a: no special abilities


You were on level 2 of the Dungeon.
You were not hungry.

You visited 1 branch of the dungeon, and saw 2 of its levels.

You collected 33 gold pieces.

Inventory:

Hand Weapons
 d - a +0 dagger (weapon)
   (You took it off a goblin on level 1 of the Dungeon)
Armour
 a - a +0 robe (worn)
Jewellery
 b - a cursed -3 ring of strength (left hand)
   (You found it on level 1 of the Dungeon)
Scrolls
 f - 2 scrolls of identify {@r1}
Comestibles
 e - 4 rations {!d}


   Skills:
 + Level 1.3 Fighting
 + Level 3.2 Dodging
 - Level 2.1 Stealth
 + Level 2.3 Spellcasting
 - Level 1.0 Conjurations
 + Level 3.7 Poison Magic


You had 5 spell levels left.
You knew the following spells:

 Your Spells              Type           Power        Failure   Level  Hunger
a - Sting                 Conj/Pois      #...         9%          1    #......

Your spell library contained the following spells:

 Spells                   Type           Power        Failure   Level  Hunger
 Poisonous Vapours        Pois/Air       #.....       16%         2    ###....
 Mephitic Cloud           Conj/Pois/Air  #.......     34%         3    ###....
 Olgreb's Toxic Radiance  Pois           ##......     43%         4    #####..
 Venom Bolt               Conj/Pois      #.........   92%         5    ######.


Dungeon Overview and Level Annotations

Branches:
Dungeon (2/15)

Altars:
Cheibriados
Okawaru
Vehumet


Message History

You closely miss the hobgoblin. The hobgoblin hits you.
* * * LOW HITPOINT WARNING * * *
You closely miss the hobgoblin.
The hobgoblin hits you but does no damage.
You barely miss the hobgoblin. The hobgoblin misses you.
You closely miss the hobgoblin. The hobgoblin closely misses you.
Aim: a hobgoblin (severely wounded)
You miscast Sting.
Your skin glows momentarily.
The hobgoblin hits you.
* * * LOW HITPOINT WARNING * * *
You open the door.
Found a radiant altar of Vehumet and an iron altar of Okawaru.
Unknown command.
The hobgoblin barely misses you.
There is an open door here.
Aim: a goblin, wielding a club The sting hits the hobgoblin.
The hobgoblin is poisoned.
You kill the hobgoblin!
You aren't carrying any potions.
As you read the scroll labeled ITWEEF GYCKORGH, it crumbles to dust.
You assume a fearsome visage.
The goblin looks frightened!
It was a scroll of fear.
The goblin tries to recover its lost courage.
There is an open door here.
You close the door.
You start resting.
Eating a chunk of flesh.
You eat the chunk of flesh.
Your magical contamination has completely faded away.
A goblin opens the door.
It is wielding a club.
You close the door.
A goblin opens the door.
As you close the door, it creaks loudly!
A goblin opens the door.
You close the door.
A goblin opens the door.
You close the door.
There's nothing to close nearby.
There's nothing to close nearby.
There's nothing to close nearby.
You start resting.
A goblin opens the door.
It is wielding a club.
As you close the door, it creaks loudly!
A goblin opens the door.
There's a creature in the doorway!
There's a creature in the doorway!
Aim: a goblin, wielding a club The sting hits the goblin.
Aim: a goblin, wielding a club (moderately wounded)
The sting hits the goblin.
The goblin hits you with a club.
* * * LOW HITPOINT WARNING * * *
You see here a club.
The goblin hits you with a club.
You die...

.... # ...##.# # #### #
#...#. .. ##.g## #. #....
.# #....#
#...##.##..#...#.# ##.⌠._#
#........ ..... #.....#
....8.).#####.#######....##
...8.8..##..@g...##.'...8#
#.8._g8.##.##.##.)..#....#
...8.8..##.......####.....#
....8...##..#.##.# ##.⌠._#
....†.gg....#.##.### #....#
.(.....?............ ##..##
.$...............## ####
##...######......## #...
#.......#


You could see a goblin.

Vanquished Creatures
  A dart slug (D:1)
  A leopard gecko (D:1)
  A ball python (D:2)
  4 goblins (D:1)
  6 hobgoblins
  5 kobolds
  A quokka (D:2)
  5 bats (D:1)
  A frilled lizard (D:1)
  3 rats (D:1)
28 creatures vanquished.

Notes
Turn   | Place    | Note
-------+----------+-------------------------------------------
     0 | D:1      | MalarOregon the Merfolk Venom Mage began the quest for the
                  | Orb.
     0 | D:1      | Reached XP level 1. HP: 13/13 MP: 3/3
   125 | D:1      | Reached skill level 1 in Conjurations
   125 | D:1      | Reached XP level 2. HP: 20/20 MP: 0/5
   126 | D:1      | Found a snail-covered altar of Cheibriados.
   427 | D:1      | Reached skill level 1 in Fighting
   534 | D:1      | Reached XP level 3. HP: 26/26 MP: 0/6
   761 | D:2      | Found a faded altar of an unknown god.
   814 | D:2      | Found a radiant altar of Vehumet.
   814 | D:2      | Found an iron altar of Okawaru.
   873 | D:2      | HP: 1/26 [goblin/club (5)]
   880 | D:2      | Slain by a goblin

Skill      XL: |  1  2 |
---------------+-------+-----
Conjurations   | 1 |  1.0
Dodging        | 3 |  3.2
Fighting       | 1 |  1.3
Stealth        | |  2.1
Spellcasting   | |  2.3
Poison Magic   | |  3.7

Action                   || total
-------------------------++-------
Melee: Unarmed           ||     2
       Dagger            ||    62
 Cast: Sting             ||    39
  Use: Scroll            ||     3
 Stab: Sleeping          ||     1
  Eat: Chunk             ||     1
Armor: Robe              ||    20
Dodge: Dodged            ||    53
